Map: At Eternity's Edge LE

Players

liquidclem (Clem) - Winner!

  • Race: Terran Terran
  • League: Grandmaster
  • Spawn Location: 11:00

Elazer

  • Race: Zerg Zerg
  • League: Master
  • Spawn Location: 5:00

Event: HomeStory Cup XXIX

VOD

Have the link to the VOD?

Description

Time

  • Played on: July 3, 2026, 1:27 p.m.
  • Length: 9:36

All games in this series

Show
View Real Time Build Order
Export as new Build Order

liquidclem Terran - Winner!

Build Orders: Reaper Expand 

Get SALT Encoding   

  8  0:00  SCV  
  9  0:12  SCV  
  10  0:24  SCV  
  10  0:27  Supply Depot  
  11  0:36  SCV  
  12  0:48  SCV  
  13  0:52  Barracks  
  13  1:00  SCV  
  14  1:05  Refinery  
  14  1:12  SCV  
  15  1:25  SCV  
  16  1:39  Orbital Command  
  16  1:47  Reaper  
  17  2:05  SCV  
  18  2:08  Command Center  
  18  2:17  SCV  
  18  2:22  Barracks Reactor  
  19  2:29  SCV  
  20  2:35  Supply Depot  
  20  2:41  SCV  
  21  2:52  Command Center  
  21  2:57  SCV, Marine x2  
  24  3:09  SCV  
  24  3:10  Barracks  
  25  3:15  Marine x2  
  27  3:22  Orbital Command  
  27  3:26  SCV  
  28  3:33  Marine x2  
  30  3:36  Barracks  
  30  3:39  SCV  
  31  3:49  SCV  
  31  3:51  Marine x2, SCV  
  35  3:57  Barracks Tech Lab, Refinery  
  35  4:01  SCV  
  36  4:04  Orbital Command  
  36  4:05  SCV  
  36  4:08  Marine  
  36  4:09  Marine  
  39  4:14  SCV  
  40  4:17  Stimpack, SCV  
  40  4:20  Marine  
  40  4:23  Barracks Tech Lab  
  42  4:26  SCV  
  42  4:29  Marine, SCV  
  42  4:31  SCV  
  46  4:32  Supply Depot  
  46  4:33  Marine  
  46  4:37  Marine  
  46  4:38  SCV  
  49  4:41  SCV  
  49  4:42  Combat Shield  
  49  4:43  Marine  
  51  4:47  Marine, SCV  
  51  4:50  SCV  
  51  4:51  Marine  
  55  4:55  Marine  
  55  4:56  Supply Depot  
  56  5:01  Marine  
  56  5:02  SCV  
  56  5:04  Factory  
  56  5:05  Marine  
  56  5:06  SCV  
  59  5:09  Marine  
  59  5:12  SCV  
  59  5:13  Refinery, Marine  
  62  5:18  Supply Depot, SCV  
  62  5:19  Marine, SCV  
  65  5:23  Marine  
  65  5:24  Supply Depot, SCV  
  65  5:26  Marine  
  68  5:31  Engineering Bay, SCV, Refinery  
  68  5:32  Engineering Bay, Marine  
  68  5:34  SCV  
  71  5:39  Marine  
  72  5:43  Supply Depot, Marine  
  72  5:44  SCV  
  72  5:47  Marine  
  72  5:48  Starport, Factory Reactor  
  75  5:50  SCV  
  75  5:56  Marine, SCV  
  77  5:57  Terran Infantry Weapons Level 1  
  77  6:00  Supply Depot, Marine  
  78  6:05  SCV  
  78  6:06  Marine  
  78  6:10  Marine  
  81  6:13  SCV  
  81  6:14  Orbital Command, Marine  
  81  6:17  SCV  
  81  6:18  Marine  
  70  6:23  Terran Infantry Armor Level 1  
  70  6:24  Barracks x2, Marine  
  70  6:25  SCV  
  66  6:28  Marine  
  66  6:29  SCV  
  66  6:31  Factory Reactor, Marine  
  68  6:33  Medivac  
  68  6:36  Medivac, Marine  
  68  6:37  SCV  
  68  6:39  SCV  
  75  6:41  SCV  
  75  6:42  Marine  
  75  6:46  Marine, Missile Turret  
  78  6:49  SCV, Marine  
  78  6:51  SCV  
  78  6:54  Marine  
  82  6:57  Supply Depot  
  82  6:58  SCV  
  82  7:00  Marine  
  84  7:03  Marine  
  84  7:07  Marine  
  84  7:08  SCV  
  76  7:09  Widow Mine x2, Medivac  
  76  7:10  Medivac  
  76  7:11  Marine  
  76  7:13  SCV x2  
  76  7:15  Barracks Reactor  
  87  7:16  Barracks Reactor  
  87  7:17  Marine  
  87  7:20  Armory  
  87  7:23  SCV  
  87  7:24  Marine, Supply Depot  
  87  7:29  SCV  
  90  7:30  Factory, Marine  
  90  7:32  SCV  
  90  7:35  SCV, Barracks Reactor  
  90  7:36  Refinery  
  93  7:39  Widow Mine x2  
  93  7:41  SCV  
  93  7:44  SCV, Marine  
  99  7:45  Marine  
  99  7:47  SCV  
  99  7:49  Supply Depot  
  99  7:50  Marine  
  103  7:51  Supply Depot  
  103  7:52  Marine x3  
  103  7:53  SCV, Marine  
  103  7:56  SCV  
  109  7:58  Medivac x2  
  109  8:02  Marine x2  
  115  8:06  Widow Mine x2  
  115  8:09  Supply Depot  
  115  8:10  Marine x4  
  115  8:11  Marine, Supply Depot  
  115  8:12  Marine x2  
  124  8:15  Drilling Claws  
  124  8:17  Widow Mine  
  128  8:20  Marine x2  
  128  8:23  SCV  
  128  8:29  Command Center  
  128  8:31  Widow Mine  
  130  8:35  Medivac  
  130  8:38  Widow Mine, Marine  
  130  8:39  Marine  
  130  8:41  Marine x3  
  131  8:43  Marine  
  131  8:45  Marine  
  131  8:46  Widow Mine  
  131  8:48  Medivac  
  130  8:50  Marine  
  129  8:56  Marine  
  129  8:57  Marine x2  
  129  8:58  Widow Mine  
  127  9:05  Widow Mine, Medivac  
  127  9:06  Marine x5  
  127  9:08  Marine  
  130  9:13  Widow Mine  
  130  9:14  Marine  
  130  9:15  Marine x2  
Show
View Real Time Build Order
Export as new Build Order

Elazer Zerg 

Build Orders: Pool First 

Get SALT Encoding   

  8  0:00  Drone  
  9  0:10  Drone  
  10  0:16  Drone  
  11  0:22  Drone  
  12  0:32  Overlord  
  12  0:39  Extractor, Drone  
  13  0:50  Drone x2  
  15  1:00  Drone  
  16  1:06  Spawning Pool  
  16  1:10  Drone  
  16  1:20  Drone  
  17  1:34  Hatchery  
  17  1:38  Drone  
  17  1:42  Drone  
  18  1:52  Queen  
  18  1:53  Extractor  
  19  1:57  Drone  
  19  1:59  Extractor  
  19  2:02  Drone  
  21  2:10  Overlord  
  21  2:28  Queen  
  23  2:30  Drone x2  
  25  2:39  Drone  
  26  2:45  Queen  
  26  2:46  Overlord  
  26  2:51  Drone  
  29  2:55  Metabolic Boost  
  29  2:58  Drone  
  30  3:01  Drone  
  30  3:03  Drone  
  32  3:06  Drone  
  32  3:11  Drone  
  34  3:15  Spore Crawler  
  34  3:16  Drone  
  36  3:20  Drone  
  36  3:25  Overlord  
  36  3:33  Drone x2  
  38  3:38  Drone x2  
  38  3:40  Lair  
  40  3:44  Zergling x2  
  41  3:48  Spore Crawler  
  41  3:51  Overlord  
  41  3:53  Drone x5  
  46  3:59  Drone x2  
  46  4:01  Extractor  
  46  4:02  Extractor  
  46  4:09  Drone x2  
  48  4:16  Extractor, Drone x2  
  48  4:17  Drone, Baneling Nest  
  50  4:19  Overlord  
  49  4:28  Drone x4  
  52  4:39  Zergling x4  
  52  4:40  Hatchery  
  52  4:42  Burrow  
  52  4:44  Zergling x6  
  56  4:46  Overlord  
  56  4:51  Zergling x2  
  56  4:52  Zergling x4  
  59  5:01  Centrifugal Hooks, Overlord  
  59  5:02  Drone  
  59  5:05  Drone x2  
  62  5:13  Drone x2  
  64  5:19  Overlord, Evolution Chamber  
  64  5:20  Evolution Chamber  
  62  5:25  Drone x3  
  65  5:29  Drone x2  
  67  5:39  Overlord  
  67  5:40  Hatchery  
  67  5:42  Zergling x6  
  69  5:43  Baneling x3  
  69  5:44  Baneling x2  
  69  5:49  Zerg Ground Armor Level 1  
  69  5:50  Baneling x2  
  69  5:51  Baneling  
  69  5:52  Zergling x4  
  69  5:54  Zergling x2  
  72  6:02  Zergling x12  
  66  6:19  Zergling x14  
  66  6:20  Queen  
  66  6:22  Zerg Melee Weapons Level 1  
  66  6:24  Overlord, Drone  
  73  6:26  Drone x2  
  73  6:30  Drone x2  
  73  6:31  Drone  
  79  6:32  Drone  
  79  6:36  Drone x2  
  81  6:40  Drone  
  81  6:43  Baneling x4, Overlord  
  82  6:47  Drone  
  82  6:49  Spire  
  81  6:55  Zergling x14  
  81  7:00  Zergling x6  
  86  7:11  Zergling x12  
  86  7:14  Zergling x6  
  86  7:16  Queen  
  86  7:21  Drone x4  
  86  7:22  Drone  
  93  7:26  Baneling x4  
  93  7:31  Baneling  
  93  7:32  Baneling x3, Zergling x8  
  96  7:37  Overlord  
  96  7:43  Drone x2  
  98  7:48  Hatchery  
  96  7:56  Drone x5  
  100  8:00  Baneling x4  
  100  8:02  Mutalisk x8  
  115  8:06  Mutalisk x2  
  115  8:11  Overlord  
  118  8:15  Overlord  
  118  8:16  Drone  
  119  8:26  Zergling x4  
  119  8:30  Drone x2  
  119  8:31  Drone x4, Overlord  
  125  8:36  Mutalisk  
  125  8:37  Mutalisk x2  
  125  8:39  Zergling x8  
  132  8:48  Zergling x2  
  132  8:49  Zergling x6  
  132  8:50  Overseer  
  128  8:56  Zergling x2  
  128  8:57  Overlord x2  
  123  9:05  Zergling x24  
  115  9:10  Zergling x2  
Tags
 
Add a new tag
Caveats
  • Supply blocks, unpowered buildings, or Contaminate may cause inaccurate times.
  • Supply counts are checked every 10 seconds.